Map: Catalyst LE

Players

LiquidMaNa (MaNa) - Winner!

  • Race: Protoss Protoss
  • League: Grandmaster
  • Spawn Location: 5:00

LiquidTLO (TLO)

  • Race: Zerg Zerg
  • League: Grandmaster
  • Spawn Location: 11:00

Event: HomeStory Cup XVII

VOD

Have the link to the VOD?

Description

Time

  • Played on: June 28, 2018, 3:18 p.m.
  • Length: 11:21

All games in this series

Show
View Real Time Build Order
Export as new Build Order

LiquidMaNa Protoss - Winner!

Build Orders: 1 Gate Expand, Oracle Opening, Phoenix Opening, Archon Immortal, Mass Phoenix 

Get SALT Encoding   

  12  0:00  Probe  
  13  0:12  Probe  
  14  0:19  Pylon  
  14  0:24  Probe  
  15  0:33  Probe  
  15  0:39  Assimilator  
  15  0:41  Probe  
  16  0:49  Gateway  
  17  0:51  Probe  
  18  0:59  Probe  
  19  1:07  Probe  
  20  1:27  Nexus  
  20  1:36  Cybernetics Core  
  21  1:40  Probe  
  21  1:48  Assimilator  
  21  1:52  Probe  
  22  1:57  Pylon  
  22  2:04  Probe  
  22  2:06  Adept  
  25  2:16  Probe  
  25  2:19  Stargate  
  26  2:25  Adept  
  26  2:28  Warp Gate, Probe  
  29  2:39  Probe  
  29  2:40  Probe  
  31  2:49  Adept  
  31  2:51  Probe  
  31  2:52  Probe  
  31  2:57  Phoenix  
  35  3:03  Probe  
  38  3:06  Probe  
  39  3:15  Probe  
  39  3:18  Probe  
  41  3:20  Oracle  
  41  3:26  Pylon  
  44  3:27  Probe  
  44  3:31  Probe  
  44  3:32  Gateway  
  46  3:44  Probe  
  46  3:45  Assimilator  
  47  3:48  Probe  
  47  3:49  Assimilator  
  47  3:54  Stargate  
  48  3:56  Probe  
  48  4:00  Probe  
  50  4:05  Probe  
  50  4:08  Probe  
  51  4:10  Phoenix, Pylon  
  54  4:17  Pylon  
  54  4:26  Probe x2  
  56  4:35  Phoenix  
  58  4:38  Zealot x2  
  58  4:39  Phoenix  
  58  4:44  Probe x2  
  66  4:46  Pylon  
  66  5:02  Phoenix  
  66  5:04  Phoenix, Zealot x2  
  72  5:07  Pylon  
  71  5:23  Pylon  
  71  5:24  Phoenix x2  
  69  5:30  Zealot  
  69  5:31  Zealot  
  69  5:35  Probe x2  
  77  5:49  Probe x2  
  78  5:50  Phoenix x2  
  78  5:51  Robotics Facility  
  82  5:58  Nexus  
  82  6:01  Pylon  
  82  6:07  Robotics Facility  
  82  6:17  Void Ray  
  84  6:27  Sentry  
  84  6:28  Sentry  
  84  6:29  Immortal  
  84  6:32  Shield Battery  
  88  6:34  Probe  
  88  6:35  Probe  
  94  6:40  Pylon  
  92  6:49  Pylon x2  
  92  6:51  Pylon  
  92  6:55  Pylon  
  92  6:59  Zealot  
  92  7:00  Zealot  
  90  7:02  Immortal  
  89  7:08  Probe x2  
  91  7:22  Zealot  
  93  7:23  Immortal, Zealot  
  93  7:24  Probe  
  92  7:40  Twilight Council  
  92  7:43  Forge  
  90  7:44  Zealot  
  90  7:45  Zealot  
  94  7:54  Immortal  
  94  7:56  Protoss Ground Weapons Level 1  
  98  7:59  Charge, Pylon  
  98  8:05  Warp Prism  
  100  8:08  Gateway  
  100  8:10  Gateway  
  100  8:11  Gateway, Sentry x2  
  99  8:43  Gateway x2  
  99  8:51  Zealot  
  101  8:59  Templar Archives  
  101  9:03  Zealot  
  87  9:17  Zealot x4  
  95  9:38  Nexus, High Templar x3  
  95  9:39  High Templar, Zealot  
  95  9:40  Zealot  
  95  9:41  Zealot  
  95  9:43  Archon x2  
  109  9:49  Pylon  
  109  9:58  Pylon  
  109  10:00  Zealot  
  111  10:10  High Templar x3  
  111  10:11  High Templar, Zealot x2  
  122  10:15  Archon  
  122  10:16  Archon  
  122  10:38  Sentry  
  122  10:39  Zealot x2  
  122  10:44  Zealot x2  
  126  10:55  Pylon  
  126  10:58  Pylon  
  124  11:06  Zealot x2  
  124  11:07  Zealot  
  124  11:08  Zealot  
  126  11:15  Zealot x2  
Show
View Real Time Build Order
Export as new Build Order

LiquidTLO Zerg 

Build Orders: Hatch First, Roach Hydra 

Get SALT Encoding   

  12  0:00  Drone  
  13  0:08  Drone  
  14  0:17  Overlord  
  14  0:35  Drone  
  14  0:36  Drone  
  16  0:49  Hatchery  
  15  0:52  Drone  
  15  0:55  Drone  
  17  1:00  Drone  
  18  1:08  Extractor  
  17  1:16  Spawning Pool  
  16  1:20  Drone  
  16  1:23  Drone  
  18  1:31  Drone  
  19  1:40  Drone  
  20  1:51  Drone  
  21  2:02  Queen x2  
  21  2:03  Zergling x2  
  21  2:05  Overlord  
  26  2:10  Metabolic Boost  
  26  2:14  Drone  
  27  2:16  Drone  
  28  2:26  Drone x2  
  30  2:38  Hatchery  
  30  2:40  Drone  
  30  2:46  Queen  
  32  2:51  Overlord  
  32  2:55  Zergling x2  
  32  2:57  Zergling x2  
  34  2:58  Drone  
  34  3:02  Overlord  
  34  3:06  Drone  
  34  3:08  Zergling x2  
  34  3:12  Drone  
  37  3:13  Drone x2  
  37  3:18  Drone  
  40  3:21  Queen  
  40  3:22  Drone  
  43  3:28  Drone  
  43  3:30  Drone  
  45  3:38  Drone  
  45  3:42  Drone  
  45  3:46  Overlord x2  
  45  3:47  Spore Crawler  
  45  3:49  Spore Crawler  
  45  3:50  Drone  
  45  3:51  Drone x2  
  45  3:54  Zergling x4  
  49  3:58  Drone, Evolution Chamber  
  49  4:02  Spore Crawler  
  48  4:04  Drone  
  48  4:05  Drone  
  48  4:06  Zergling x2  
  48  4:08  Drone  
  51  4:14  Drone x2  
  51  4:16  Drone  
  54  4:17  Drone  
  54  4:20  Drone, Zergling x2  
  54  4:22  Spore Crawler  
  54  4:23  Drone  
  56  4:27  Drone  
  56  4:28  Drone  
  56  4:30  Zerg Melee Weapons Level 1  
  59  4:32  Drone x2  
  59  4:33  Drone  
  59  4:36  Zergling x4  
  64  4:41  Extractor  
  64  4:43  Roach Warren  
  64  4:45  Drone  
  63  4:46  Drone  
  63  4:47  Drone  
  63  4:48  Extractor  
  63  4:51  Overlord  
  64  4:55  Zergling x2  
  64  4:57  Overlord x2  
  64  4:58  Overlord  
  65  5:05  Lair  
  65  5:11  Drone x4  
  65  5:12  Drone  
  65  5:13  Overlord  
  65  5:24  Roach x2  
  65  5:25  Roach x3  
  65  5:26  Drone  
  71  5:31  Drone x2  
  72  5:40  Roach x4  
  80  5:46  Roach x2  
  80  5:48  Roach  
  86  5:52  Drone x4  
  89  5:57  Roach  
  89  5:59  Extractor  
  89  6:00  Roach x2  
  89  6:02  Roach  
  98  6:04  Roach  
  98  6:06  Glial Reconstitution  
  98  6:10  Drone  
  99  6:12  Drone  
  99  6:13  Drone  
  99  6:15  Roach x2  
  99  6:17  Zergling x2  
  99  6:18  Zergling x2  
  104  6:19  Zergling x2  
  104  6:21  Zergling x2  
  103  6:26  Overlord x2  
  103  6:32  Zerg Melee Weapons Level 2  
  99  6:36  Overlord  
  99  6:37  Overlord  
  99  6:38  Zergling x2  
  99  6:39  Zergling x2  
  98  6:44  Overlord x2  
  98  6:46  Zergling x6  
  100  6:48  Zergling x2  
  100  6:49  Zergling x2  
  100  6:52  Zergling x6  
  100  6:53  Zergling x2  
  100  6:54  Zergling x2  
  100  6:59  Zergling x4  
  100  7:00  Zergling x2  
  98  7:02  Queen  
  98  7:03  Zergling x4  
  98  7:07  Zergling x2  
  94  7:09  Queen  
  92  7:16  Queen, Zergling x4  
  92  7:17  Zergling x2  
  89  7:25  Zergling x2  
  89  7:26  Zergling x2  
  89  7:28  Zergling x2  
  79  7:38  Queen  
  79  7:42  Zergling x4  
  79  7:43  Zergling x2  
  81  7:44  Queen  
  81  7:48  Drone x2  
  81  7:49  Hydralisk Den, Hatchery  
  81  7:50  Zergling x2, Extractor  
  82  7:52  Queen  
  82  7:57  Zergling x4  
  86  8:02  Zergling x2  
  86  8:05  Spore Crawler x2  
  84  8:08  Drone  
  84  8:09  Zergling x2  
  84  8:12  Zergling x2  
  86  8:14  Queen  
  86  8:19  Spore Crawler, Drone, Extractor  
  87  8:20  Queen, Drone x5  
  87  8:23  Zergling x4  
  87  8:25  Overlord  
  89  8:27  Muscular Augments  
  89  8:28  Queen  
  89  8:29  Drone  
  89  8:32  Drone  
  93  8:36  Baneling Nest, Drone  
  93  8:39  Drone  
  92  8:47  Drone  
  91  8:49  Drone x2  
  91  8:50  Drone  
  92  8:56  Zerg Missile Weapons Level 1, Hydralisk x5  
  92  8:57  Hydralisk  
  92  8:58  Hydralisk  
  104  9:03  Hydralisk  
  104  9:06  Hydralisk  
  104  9:08  Hydralisk  
  98  9:10  Zergling x2  
  98  9:11  Zergling x2  
  98  9:12  Zergling x2  
  98  9:15  Hydralisk  
  96  9:17  Zergling x2  
  96  9:23  Hydralisk  
  99  9:24  Zergling x2  
  99  9:28  Baneling x2  
  99  9:31  Hydralisk  
  100  9:32  Hydralisk  
  100  9:35  Zergling x2  
  100  9:37  Hydralisk  
  105  9:39  Grooved Spines, Zergling x4  
  105  9:41  Zergling x4  
  105  9:45  Hydralisk  
  109  9:46  Hydralisk  
  109  9:50  Zergling x4  
  109  9:52  Zergling x2  
  116  9:55  Zergling x2  
  116  9:56  Zergling x2  
  116  9:59  Zergling x2  
  119  10:00  Zergling x2, Evolution Chamber  
  119  10:02  Zergling x2  
  119  10:04  Hydralisk  
  122  10:08  Hydralisk  
  122  10:11  Zergling x4  
  123  10:14  Hydralisk  
  123  10:19  Hydralisk  
  123  10:21  Zergling x2  
  127  10:23  Baneling  
  127  10:24  Baneling x2  
  126  10:30  Zergling x2  
  126  10:31  Zergling x2  
  126  10:32  Zergling x2  
  108  10:37  Hydralisk  
  108  10:39  Zergling x2  
  108  10:40  Zergling x2  
  108  10:42  Zergling x2  
  104  10:44  Zergling x2  
  104  10:46  Zergling x2  
  104  10:48  Zergling x2  
  105  10:52  Zergling x2  
  105  10:53  Zergling x2  
  105  10:57  Zergling x2  
  94  11:00  Zergling x2  
  94  11:04  Zergling x2  
Tags
 
Add a new tag
Caveats
  • Supply blocks, unpowered buildings, or Contaminate may cause inaccurate times.
  • Supply counts are checked every 10 seconds.